Map: Kairos Junction LE

Players

SortOf - Winner!

  • Race: Zerg Zerg
  • League: Diamond
  • Spawn Location: 11:00

Bistork

  • Race: Protoss Protoss
  • Spawn Location: 5:00

Event: 2019 WCS Summer

VOD

Have the link to the VOD?

Description

Time

  • Played on: July 12, 2019, 2:29 p.m.
  • Length: 12:36

All games in this series

Show
View Real Time Build Order
Export as new Build Order

SortOf Zerg - Winner!

Build Orders: Hatch First, Swarm Host 

Get SALT Encoding   

  12  0:00  Drone  
  13  0:11  Overlord  
  13  0:17  Drone  
  14  0:30  Drone x2  
  16  0:40  Drone  
  17  0:55  Hatchery  
  16  0:58  Drone  
  16  1:01  Drone  
  18  1:12  Extractor  
  18  1:17  Spawning Pool  
  16  1:19  Drone  
  16  1:22  Drone  
  18  1:27  Drone  
  20  1:40  Drone  
  20  1:52  Overlord  
  20  2:05  Hatchery  
  20  2:07  Queen  
  21  2:08  Zergling x2  
  21  2:12  Zergling x2  
  21  2:15  Metabolic Boost  
  23  2:23  Hatchery  
  22  2:30  Zergling x2  
  23  2:42  Queen  
  23  2:44  Drone  
  26  2:51  Zergling x2  
  26  2:53  Zergling x2  
  28  3:05  Drone  
  28  3:16  Queen  
  29  3:21  Drone x4  
  29  3:25  Spore Crawler  
  30  3:33  Drone  
  30  3:35  Drone  
  30  3:39  Queen  
  32  3:43  Drone x3  
  32  3:47  Spore Crawler  
  34  3:53  Spore Crawler  
  33  3:56  Overlord  
  33  4:03  Drone  
  34  4:14  Overlord  
  34  4:16  Drone x5  
  38  4:22  Drone x2  
  38  4:23  Drone  
  40  4:25  Drone  
  40  4:30  Overlord  
  41  4:33  Drone  
  41  4:35  Drone  
  41  4:37  Drone  
  44  4:39  Drone  
  44  4:41  Drone  
  44  4:43  Drone  
  47  4:46  Drone x2  
  49  4:53  Roach Warren  
  49  4:57  Drone x2  
  50  5:01  Drone x2  
  50  5:02  Drone  
  53  5:08  Drone x4  
  53  5:14  Overlord  
  57  5:16  Overlord  
  57  5:18  Extractor  
  57  5:20  Extractor  
  55  5:24  Zergling x6  
  55  5:26  Overlord  
  57  5:31  Overlord  
  57  5:35  Overlord  
  57  5:38  Lair  
  57  5:40  Overlord  
  57  5:41  Roach x3  
  57  5:42  Drone  
  64  5:44  Drone  
  64  5:45  Drone  
  64  5:47  Drone, Extractor  
  64  5:49  Drone  
  67  5:51  Drone x2  
  67  5:55  Drone x3  
  72  6:03  Roach x2  
  76  6:05  Overlord  
  76  6:09  Roach  
  76  6:11  Roach x3  
  84  6:13  Overlord  
  84  6:15  Roach  
  86  6:19  Roach x2  
  86  6:22  Roach  
  86  6:24  Queen  
  94  6:29  Roach x2  
  98  6:34  Roach x2  
  102  6:40  Roach x4  
  109  6:48  Roach x4  
  109  6:53  Overlord x2  
  117  6:54  Glial Reconstitution  
  117  7:01  Overseer  
  117  7:06  Overlord  
  117  7:12  Drone x9  
  125  7:16  Infestation Pit, Extractor  
  125  7:17  Ravager  
  125  7:18  Ravager  
  125  7:19  Ravager  
  125  7:22  Roach  
  128  7:24  Roach  
  128  7:28  Roach  
  128  7:29  Roach  
  134  7:31  Roach  
  134  7:32  Overlord  
  136  7:37  Overlord x4  
  136  7:38  Extractor  
  135  7:50  Roach  
  137  7:55  Overlord  
  137  7:56  Overlord  
  135  8:00  Roach x9  
  135  8:02  Overlord  
  152  8:12  Overlord  
  152  8:15  Drone x2  
  152  8:16  Swarm Host x4  
  166  8:24  Evolution Chamber, Swarm Host  
  166  8:25  Swarm Host  
  171  8:31  Swarm Host x2  
  177  8:34  Swarm Host  
  177  8:36  Overlord  
  180  8:43  Swarm Host x2  
  180  8:45  Zergling x2  
  180  8:46  Zergling x2, Overlord  
  188  8:50  Overseer  
  188  8:51  Swarm Host  
  191  8:59  Hatchery  
  191  9:02  Swarm Host x2  
  196  9:12  Baneling Nest  
  195  9:18  Swarm Host  
  197  9:24  Swarm Host  
  198  9:48  Roach x2  
  198  9:49  Overlord  
  198  9:52  Roach  
  198  9:53  Roach x3  
  188  10:00  Overlord, Swarm Host x4  
  194  10:12  Swarm Host x4  
  194  10:16  Zergling x14  
  194  10:20  Centrifical Hooks  
  193  10:21  Zerg Missile Weapons Level 1  
  191  10:29  Roach x3  
  191  10:34  Roach x2  
  199  10:36  Ravager  
  200  10:56  Roach x3  
  200  10:57  Roach x3  
  193  11:04  Roach x4  
  193  11:10  Extractor, Queen  
  193  11:11  Queen  
  193  11:15  Zergling x18  
  199  11:23  Spore Crawler  
  199  11:24  Spine Crawler  
  197  11:25  Drone x2, Spore Crawler  
  197  11:26  Drone x2, Spine Crawler  
  197  11:28  Ravager  
  197  11:45  Zergling x10  
  197  11:54  Overlord  
  197  11:56  Overseer x2  
  197  11:59  Zergling x8  
  199  12:03  Baneling x9  
  198  12:09  Baneling x10  
Show
View Real Time Build Order
Export as new Build Order

Bistork Protoss 

Build Orders: Oracle Opening, Archon Immortal 

Get SALT Encoding   

  12  0:00  Probe  
  13  0:12  Probe  
  14  0:18  Pylon  
  14  0:24  Probe  
  15  0:32  Probe  
  15  0:38  Gateway  
  15  0:40  Probe  
  16  0:47  Assimilator  
  17  0:51  Probe  
  18  1:03  Probe  
  19  1:17  Zealot  
  19  1:18  Probe  
  20  1:24  Pylon  
  20  1:27  Cybernetics Core  
  20  1:31  Probe  
  23  1:43  Probe  
  26  1:54  Pylon  
  26  1:58  Probe  
  25  2:11  Adept  
  25  2:15  Nexus  
  27  2:25  Probe  
  28  2:30  Assimilator  
  28  2:41  Stargate  
  28  2:43  Warp Gate  
  28  2:45  Probe  
  30  3:03  Stalker  
  30  3:04  Pylon  
  31  3:17  Oracle  
  31  3:22  Probe  
  32  3:28  Probe  
  36  3:34  Probe  
  36  3:40  Probe  
  36  3:41  Gateway  
  36  3:44  Adept  
  36  3:47  Probe  
  39  3:52  Probe  
  39  3:54  Assimilator  
  40  3:59  Probe  
  41  4:04  Probe  
  41  4:08  Void Ray  
  46  4:11  Probe  
  46  4:13  Pylon  
  46  4:16  Probe  
  48  4:22  Assimilator  
  48  4:23  Probe  
  49  4:29  Probe  
  50  4:32  Robotics Facility  
  50  4:35  Probe  
  51  4:41  Probe  
  52  4:50  Probe  
  53  4:53  Twilight Council  
  53  4:58  Nexus  
  53  5:03  Pylon  
  53  5:05  Probe x2  
  55  5:09  Charge  
  55  5:17  Probe  
  55  5:21  Gateway  
  56  5:22  Gateway  
  56  5:23  Probe  
  56  5:27  Warp Prism  
  57  5:29  Probe  
  57  5:34  Templar Archives  
  57  5:50  Gateway  
  57  5:51  Gateway  
  57  5:57  Probe, Pylon  
  57  5:58  Probe  
  57  6:00  Pylon  
  57  6:03  Zealot  
  61  6:06  Zealot  
  61  6:10  Probe  
  64  6:15  Probe x2  
  66  6:23  Gateway  
  66  6:24  Probe  
  67  6:26  Gateway  
  67  6:28  High Templar x4  
  67  6:31  Probe  
  76  6:34  Archon  
  76  6:35  Archon  
  76  6:37  Probe  
  76  6:39  Pylon  
  77  6:40  Shield Battery  
  77  6:43  Immortal  
  77  6:49  Probe  
  76  6:56  Probe x2  
  78  7:04  High Templar x2  
  78  7:05  Zealot x3, Shield Battery  
  78  7:07  Shield Battery  
  88  7:11  Archon  
  88  7:12  High Templar  
  90  7:17  High Templar  
  90  7:18  Shield Battery  
  90  7:20  Probe  
  93  7:23  Archon, Immortal  
  93  7:26  Probe  
  93  7:29  Forge  
  94  7:31  Probe  
  99  7:37  Probe  
  99  7:38  Probe  
  99  7:39  Assimilator  
  99  7:42  Assimilator  
  99  7:43  Probe  
  102  7:44  Pylon  
  102  7:49  Probe  
  102  7:50  Probe  
  104  7:55  Probe  
  105  8:01  Probe  
  105  8:03  Probe  
  107  8:06  Immortal  
  107  8:14  Probe  
  107  8:17  Robotics Facility  
  107  8:18  Probe  
  113  8:21  Pylon  
  113  8:23  Psionic Storm  
  113  8:25  Pylon  
  113  8:26  Pylon  
  113  8:36  High Templar x2  
  113  8:37  Protoss Ground Weapons Level 1  
  113  8:39  Zealot, Nexus  
  113  8:40  Zealot x3  
  125  8:41  Observer  
  125  8:44  Pylon  
  125  8:45  Pylon  
  126  8:50  Pylon  
  126  8:56  Immortal  
  126  8:59  Immortal  
  126  9:06  Photon Cannon  
  126  9:09  Photon Cannon  
  134  9:10  Shield Battery  
  134  9:12  High Templar x2  
  134  9:13  Shield Battery  
  134  9:16  Zealot x4  
  146  9:22  Shield Battery  
  146  9:35  Photon Cannon  
  146  9:37  Probe  
  139  9:38  Probe  
  139  9:39  Probe  
  139  9:40  Zealot x4  
  139  9:42  Zealot  
  139  9:44  Photon Cannon  
  113  9:54  Zealot x3  
  113  9:57  Probe x2  
  110  10:07  High Templar x5  
  118  10:11  Archon  
  118  10:12  Archon  
  116  10:16  Pylon  
  116  10:17  High Templar  
  116  10:19  Zealot x2  
  120  10:22  Warp Prism  
  118  10:35  Probe x2  
  121  10:36  Probe  
  123  10:47  Probe  
  123  10:48  Probe  
  123  10:50  Pylon  
  123  10:53  Archon  
  109  10:58  Immortal  
  109  10:59  Immortal  
  97  11:11  Probe  
  97  11:13  High Templar x4  
  97  11:14  Probe  
  97  11:15  Probe  
  97  11:16  Probe  
  109  11:33  High Templar x2, Probe, Immortal  
  109  11:34  Probe  
  109  11:38  Zealot  
  102  11:58  Zealot x5  
  110  12:11  Archon  
  110  12:18  High Templar  
  110  12:19  High Templar  
  110  12:20  Zealot x3, High Templar x2  
  114  12:25  Archon x2  
Tags
 
Add a new tag
Caveats
  • Supply blocks, unpowered buildings, or Contaminate may cause inaccurate times.
  • Supply counts are checked every 10 seconds.